AoeStats
← Pernobyl

Four Lakes

509052902Analyzed
1v1 RM · 9d ago on Sep 25, 2026· 47m 10s· 2 players
Game mode
Random Map
Map size
Tiny (2 player)
Population
200
Speed
Normal
Resources
Standard
Victory
Conquest
Starting age
Dark Age
Ending age
Imperial Age
RankedLock teamsTeams togetherTeam positionsShared explorationLock speedFull tech treeHidden civsTurbo modeCheats
Victory
Defeat
🇸🇪 Varangians · Sweden
1251
+15
🇻🇳 Persians · Vietnam
1239
-15
Vuhieu84
7:08 Loom
9:29 Feudal Age
11:26 Double-Bit Axe
16:34 Castle Age
15:36 Bloodlines
16:03 Scale Barding Armor
16:08 Forging
16:44 Forging
21:20 Fletching
21:30 Padded Archer Armor
27:34 Bodkin Arrow
27:36 Gold Mining
27:36 Stone Mining
28:43 Leather Archer Armor
29:17 Stone Mining
30:16 Bow Saw
31:20 Ballistics
32:56 Wheelbarrow
36:06 Imperial Age
36:37 Cavalier
37:17 Husbandry
37:56 Parthian Tactics
44:25 Chemistry
45:23 Ring Archer Armor
45:14 Horse Collar
46:05 Light Cavalry
Pernobyl
8:03 Loom
10:33 Feudal Age
11:14 Double-Bit Axe
12:20 Fishing Lines
18:28 Castle Age
16:19 Arson
16:46 Fletching
17:03 Horse Collar
17:36 Scale Mail Armor
18:06 Forging
18:43 Gold Mining
19:56 Wheelbarrow
19:33 Bow Saw
20:28 Squires
20:39 Town Watch
24:55 Chain Mail Armor
26:28 Padded Archer Armor
27:16 Heavy Plow
31:04 Hand Cart
33:45 Imperial Age
31:41 Bloodlines
31:41 Husbandry
31:33 Gambesons
32:27 Ballistics
32:46 Iron Casting
34:36 Siege Engineers
36:02 Two-Man Saw
35:45 Conscription
35:50 Masonry
36:59 Elite Varangian Guard
38:16 Plate Mail Armor
40:15 Architecture
39:50 Stone Mining
45:33 Bodkin Arrow
Connection lost

Rejoining the realm…

Still unreachable

The connection could not be restored.

Session expired

The server has moved on; the page needs a fresh start.